 Dungeon Crawl Stone Soup version 0.29-a0-469-gd254ca66d9 (webtiles) character file.

Game seed: 14934453635089441632

85 rjgk the Vexing (level 4, 0/21 HPs)
             Began as a Spriggan Enchanter on May 22, 2022.
             Slain by a gnoll
             ... wielding a +0 flail
              (8 damage)
             ... on level 2 of the Dungeon.
             The game lasted 00:07:14 (2735 turns).

rjgk the Vexing (Spriggan Enchanter)                Turns: 2735, Time: 00:07:14

Health: 0/21       AC:  2    Str:  6    XL:     4   Next: 25%
Magic:  7/11       EV: 17    Int: 16    God:
Gold:   68         SH:  0    Dex: 15    Spells: 3/11 levels left

rFire   . . .      SeeInvis +   m - +1 dagger (venom)
rCold   + . .      Faith    .   (no shield)
rNeg    . . .      Spirit   .   b - +0 robe
rPois   .          Reflect  .   (helmet restricted)
rElec   .          Harm     .   (no cloak)
rCorr   .          Rampage  .   (gloves unavailable)
Will    .....                   (boots unavailable)
Stlth   +++.......              (no amulet)
HPRegen 0.07/turn               k - ring of protection from cold
MPRegen 0.12/turn               (no ring)

@: very quick
A: very small, no large weapons, unfitting armour, see invisible, speed 3
a: no special abilities


You were on level 2 of the Dungeon.
You visited 1 branch of the dungeon, and saw 2 of its levels.

You collected 68 gold pieces.

Inventory:

Hand Weapons
 a - a +2 dagger
 h - a +2 short sword of holy wrath
 m - a +1 dagger of venom (weapon)
Missiles
 j - 6 poisoned darts (quivered)
Armour
 b - a +0 robe (worn)
Jewellery
 k - a ring of protection from cold (left hand)
Wands
 g - a wand of mindburst (11)
Scrolls
 i - a scroll of fear
Potions
 c - 2 potions of invisibility
 d - 2 potions of might
 e - a potion of flight
 f - a potion of heal wounds {unknown}
 l - a potion of degeneration {unknown}
 o - 2 potions of brilliance {unknown}


   Skills:
 - Level 1.1 Short Blades
 - Level 2.6 Dodging
 - Level 4.4 Stealth
 + Level 4.4 Spellcasting
 + Level 5.0 Hexes


You had 3 spell levels left.
You knew the following spells:

 Your Spells              Type           Power      Damage    Failure   Level
a - Ensorcelled Hibernat  Hex/Ice        22%        N/A       9%          2
b - Tukima's Dance        Hex            19%        N/A       6%          3
d - Confusing Touch       Hex            19%        N/A       6%          3

Your spell library contained the following spells:

 Spells                   Type           Power      Damage    Failure   Level
 Dazzling Flash           Conj/Hex       22%        N/A       17%         3
 Sublimation of Blood     Necr           3%         N/A       24%         2
 Wereblood                Tmut           3%         N/A       24%         2
 Summon Hydra             Summ           1%         N/A       100%        7


Dungeon Overview and Level Annotations

Branches:
Dungeon (2/15)

Altars:

Annotations:
D:2 Jessica


Innate Abilities, Weirdness & Mutations

You are very small and have problems with some larger weapons.
You are too small for most types of armour.
You have supernaturally acute eyesight. (SInv)
You cover ground extremely quickly. (Speed+++)


Message History

The hobgoblin closely misses you. The hobgoblin hits you.
You climb upwards.
There is a stone staircase leading down here.
You hit the hobgoblin.
You kill the hobgoblin!
No target in view!
No target in view!
i - a scroll of fear You now have 68 gold pieces (gained 14).
Things that are here:
a +0 whip; a hobgoblin corpse You start resting.
HP restored.
There is a stone staircase leading down here.
You climb downwards.
Level annotation: Jessica The giant cockroach bites you but does no damage.
The gnoll hits you with a +0 flail. The giant cockroach misses you.
There is a stone staircase leading up here.
Unknown command.
Unknown command.
Unknown command.
The giant cockroach bites you but does no damage.
Casting: Ensorcelled Hibernation (safe; 9% risk of failure)
Confirm with . or Enter, or press ? or * to list all spells.
Aiming: Ensorcelled Hibernation (safe; 9% risk of failure)
Press: ? - help, Shift-Dir - straight line, f - gnoll
Aim: a gnoll, wielding a +0 flail (chance to affect: 53%)
The gnoll resists with significant effort.
The gnoll hits you with a +0 flail!
Unknown command.
Casting: Ensorcelled Hibernation (safe; 9% risk of failure)
Confirm with . or Enter, or press ? or * to list all spells.
Aiming: Ensorcelled Hibernation (safe; 9% risk of failure)
Press: ? - help, Shift-Dir - straight line, f/p - gnoll
Aim: a gnoll, wielding a +0 flail (chance to affect: 53%)
The gnoll resists with significant effort.
The gnoll hits you with a +0 flail!
You die...

,,,,**,,,*,,#...#..#.............
,,,,,,,,,,...............#.#.....
,,,,*,,,,,,.............@g.......
******,,,,,,....(......g.@(......
**********........##.####....##
***,,,,,,,,,.#..##..##.####.##.#*
,,*,,,,,,,,,,#..*#...............
,,*,,,,,,,,,,#..##@.##.##########
,,*,,,,,,,,,,#..@gB.##.#,,,,,,,,,
,,*,,,,,,,,,,##.###.##.#,******+*
,,*,,,,,,,,,,*#.,,......,,* *,,,,
,,*,,,,,,,,,,*#.,*#..#.#,,***,,,,
,,*,,,,,,,,,**#.,*##.#.#,,,,+,,,,
,,*,,,,,,,,,',..,* *..w#,****,,,,
,,*,,,,,,,,,**##,* *#..*,****,,,,
***,,,,,,,,,* *,* *..*,,,,,,,,,
*,,,,,,,,,* *,* *,,******,,,,


You could see a gnoll, Jessica and a giant cockroach.

Vanquished Creatures
  3 gnolls
  4 dart slugs
  5 ball pythons
  3 bats
  6 endoplasms
  3 giant cockroaches
  2 goblins (D:1)
  4 hobgoblins
  4 jackals (D:1)
  A quokka (D:1)
  6 kobolds
  4 rats (D:1)
45 creatures vanquished.

Notes
Turn   | Place    | Note
-------+----------+-------------------------------------------
     0 | D:1      | rjgk the Spriggan Enchanter began the quest for the Orb.
     0 | D:1      | Reached XP level 1. HP: 9/9 MP: 5/5
   513 | D:1      | Reached skill level 4 in Hexes
   582 | D:1      | Found a faded altar of an unknown god.
   606 | D:1      | Reached XP level 2. HP: 13/13 MP: 7/7
   609 | D:1      | Learned a level 2 spell: Ensorcelled Hibernation
  1246 | D:1      | Reached XP level 3. HP: 16/16 MP: 9/9
  1252 | D:1      | Learned a level 3 spell: Tukima's Dance
  1256 | D:1      | Learned a level 3 spell: Confusing Touch
  1685 | D:2      | Noticed Jessica
  2163 | D:2      | Reached XP level 4. HP: 15/21 MP: 6/11
  2341 | D:1      | Reached skill level 5 in Hexes
  2735 | D:2      | Slain by a gnoll

Illustrated notes

Levels and vault maps discovered:
D:1:      amcnicky_arrival_abandoned_market, layout_loops_ring,
          hellmonk_ecumenical_altar_leap_of_faith, minmay_3d_cube
D:2:      wad_river_or_something, layout_basic, uniq_jessica, uniq_terence

Skill      XL: |  1  2  3  4 |
---------------+-------------+-----
Spellcasting   | 3 4 |  4.4
Hexes          | 4 5 |  5.0
Short Blades   | |  1.1
Dodging        | |  2.6
Stealth        | |  4.4

Action                   |  1- 3 |  4- 6 || total
-------------------------+-------+-------++-------
Melee: Dagger            |   117 |     7 ||   124
       Short sword       |     7 |       ||     7
       Punch             |     1 |       ||     1
 Cast: Ensorcelled Hiber |     7 |     4 ||    11
       Tukima's Dance    |     1 |     1 ||     2
  Use: Scroll            |     5 |     2 ||     7
 Stab: Sleeping          |    16 |     2 ||    18
Armor: Robe              |    16 |     2 ||    18
Dodge: Dodged            |    94 |    17 ||   111

Table legend: (Time is in decaauts)
 A = Elapsed time spent in this place.
 B = Non-inter-level travel time spent in this place.
 C = Inter-level travel time spent in this place.
 D = Time resting spent in this place.
 E = Time spent auto-exploring this place.
 F = Levels seen in this place.
 G = Mean time per level.
                   A        B        C        D        E       F      G
               +--------+--------+--------+--------+--------+-----+--------+
         Total |   2314 |   2283 |     31 |    564 |   1307 |   2 | 1157.0 |
       Dungeon |   2314 |   2283 |     31 |    564 |   1307 |   2 | 1157.0 |
               +--------+--------+--------+--------+--------+-----+--------+

Top non-repeatable levels by time:
     D:1: 1882 daAuts
     D:2: 431 daAuts
